 Dungeon Crawl Stone Soup version 0.29.0-5-ge4962eb29e (webtiles) character file.

Game seed: 2437759226065486532

24 snetch the Magician (level 3, 0/25 HPs)
             Began as a Djinni Fire Elementalist on Aug 29, 2022.
             Was a Follower of Qazlal.
             Slain by a bat (1 damage)
             ... on level 1 of the Dungeon.
             The game lasted 00:02:21 (704 turns).

snetch the Magician (Djinni Fire Elementalist)       Turns: 704, Time: 00:02:21

Health: 0/25       AC:  2    Str:  7    XL:     3   Next: 15%
Gold:   48         EV: 12    Int: 18    God:    Qazlal [*.....] SH:  2 Dex: 13

rFire   + + .      SeeInvis .   (no weapon)
rCold   x . .      Faith    .   (no shield)
rNeg    . . .      Spirit   .   a - +0 robe
rPois   ∞          Reflect  .   (no helmet)
rElec   .          Harm     .   (no cloak)
rCorr   .          Rampage  .   (no gloves)
Will    .....                   (boots unavailable)
Stlth   ++........              (no amulet)
HPRegen 0.08/turn               (no ring)
MPRegen 0.00/turn               (no ring)

@: flying
A: sickness immunity, fire resistance 2, cold vulnerability 1, float, innate
caster, HP casting, extra vitality 1
a: Renounce Religion


You were on level 1 of the Dungeon.
You worshipped Qazlal.
Qazlal was aware of your devotion.
You visited 1 branch of the dungeon, and saw 1 of its levels.

You collected 48 gold pieces.

Inventory:

Missiles
 e - 4 stones
Armour
 a - a +0 robe (worn)
 f - a +0 ring mail
Scrolls
 b - a scroll of noise {unknown}
 c - a scroll of fear {unknown}
 g - a scroll of identify {unknown}
Potions
 d - 2 potions of haste {unknown}
 h - a potion of degeneration {unknown}


   Skills:
 + Level 2.5 Dodging
 + Level 1.7 Stealth
 + Level 3.0 Spellcasting


You couldn't memorise any spells.
You knew the following spells:

 Your Spells              Type           Power      Damage    Failure   Level
a - Foxfire               Conj/Fire      52%        2x1d6     4%          1
b - Scorch                Fire           26%        2d6       7%          2
c - Conjure Flame         Conj/Fire      13%        6-21      14%         3
d - Inner Flame           Hex/Fire       13%        N/A       14%         3
e - Flame Wave            Conj/Fire      13%        2d6       43%         4
f - Apportation           Tloc           26%        N/A       4%          1
Your spell library was empty.

Dungeon Overview and Level Annotations

Branches:
Dungeon (1/15)

Altars:
Qazlal


Innate Abilities, Weirdness & Mutations

You are immune to sickness and miasma.
You are immune to poison.
Your flesh is very heat resistant. (rF++)
You are vulnerable to cold. (rC-)
You float through the air rather than walking.
You learn spells naturally, not from books.
Your magical power is your life essence.
You have superior vitality. (+4 MHP)


Message History

Casting: Foxfire (safe; 4% risk of failure)
Press: ? - help, Q - select action, (/) - cycle Dir - look around, f - activate You conjure some foxfire!
* * * LOW HITPOINT WARNING * * *
The foxfire hits the hobgoblin.
The hobgoblin is heavily wounded.
The foxfire hits the hobgoblin.
The hobgoblin is almost dead.
The bat closely misses you.
The hobgoblin hits you but does no damage.
The hobgoblin barely misses you.
Casting: Foxfire (safe; 4% risk of failure)
Press: ? - help, Q - select action, (/) - cycle Dir - look around, f - activate You conjure some foxfire!
* * * LOW HITPOINT WARNING * * *
The foxfire hits the rat.
You kill the rat!
Qazlal accepts your kill.
The foxfire hits the hobgoblin.
The hobgoblin is almost dead.
The bat closely misses you. The hobgoblin barely misses you.
The hobgoblin closely misses you.
Your magical contamination has completely faded away.
The hobgoblin attacks as you move away! You block the hobgoblin's attack.
The hobgoblin attacks as you move away! The hobgoblin closely misses you.
The foxfire hits the hobgoblin.
You kill the hobgoblin!
Qazlal accepts your kill.
The foxfire hits the hobgoblin.
You kill the hobgoblin!
Qazlal accepts your kill. The bat misses you.
You don't have enough health to cast this spell.
You don't have enough health to cast this spell.
You miss the bat. The bat barely misses you.
An endoplasm comes into view.
The bat barely misses you.
Okay, then.
You barely miss the bat. The bat hits you.
You die...

#.##..#......##.....
#.##..#......##.....
#.....#..÷.).##...^.
#########.#......#######
#......#.........#
#......#.........#
#.......○÷.###.###
#......#...# .#
#......@...##..#
#.....☼.b..†...#
#....)....†##.....
+..)....##..# .... .##
#......##$[.?# ##. ...
#...... ..$).. ...
###.##. ?....#. ... #.
## #?J..## # ... ..##
...


You could see a bat.

Vanquished Creatures
  3 bats (D:1)
  6 endoplasms (D:1)
  3 hobgoblins (D:1)
  3 quokkas (D:1)
  A frilled lizard (D:1)
  2 kobolds (D:1)
  3 rats (D:1)
  A foxfire (D:1)
22 creatures vanquished.

Vanquished Creatures (collateral kills)
  A foxfire (D:1)
1 creature vanquished.

Vanquished Creatures (others)
  65 foxfires (D:1)
65 creatures vanquished.

Grand Total: 88 creatures vanquished

Notes
Turn   | Place    | Note
-------+----------+-------------------------------------------
     0 | D:1      | snetch the Djinni Fire Elementalist began the quest for the
                  | Orb.
     0 | D:1      | snetch set off with the following spells memorised:
                  | Foxfire, Scorch, Conjure Flame, Inner Flame, Flame Wave.
     0 | D:1      | Reached XP level 1. HP: 15/15 MP: 0/0
   313 | D:1      | Reached XP level 2. HP: 17/21 MP: 0/0
   402 | D:1      | Found a faded altar of an unknown god.
   409 | D:1      | Prayed at the altar of an unknown god.
   409 | D:1      | Became a worshipper of Qazlal Stormbringer
   409 | D:1      | Reached * piety under Qazlal
   698 | D:1      | Reached skill level 3 in Spellcasting
   698 | D:1      | Reached XP level 3. HP: 3/25 MP: 0/0
   698 | D:1      | Learned a level 1 spell: Apportation
   704 | D:1      | Slain by a bat

Illustrated notes

Levels and vault maps discovered:
D:1:      giann_bridges, layout_basic, shapermc_ecumenical_altar_totnotflames,
          minmay_pentomino_w4

Skill      XL: |  1  2 |
---------------+-------+-----
Spellcasting   | 3 |  3.0
Dodging        | |  2.5
Stealth        | |  1.7

Action                   || total
-------------------------++-------
Melee: Unarmed           ||     3
 Cast: Foxfire           ||    36
Armor: Robe              ||     3
Dodge: Dodged            ||    12
Block: Other             ||     2
